 Dungeon Crawl Stone Soup version 0.30-b1-2-g02819fbbbe (webtiles) character file.

Game seed: 10626697452992445574

5372 LLlMATKO the Fighter (level 10, -8/91 (93) HPs)
             Began as a Minotaur Berserker on Aug 10, 2023.
             Was an Elder of Trog.
             Mangled by a death yak (12 damage)
             ... on level 8 of the Dungeon.
             The game lasted 00:07:02 (7096 turns).

LLlMATKO the Fighter (Minotaur Berserker)           Turns: 7096, Time: 00:07:03

HP:   -8/91 (93)    AC: 17    Str: 24    XL:     10   Next: 39%
MP:   0/9           EV: 12    Int:  4    God:    Trog [****..]
Gold: 439           SH:  0    Dex: 12    Spells: 9/9 levels left

rFire   + . .        b - +0 broad axe
rCold   . . .        (no shield)
rNeg    . . .        q - +1 chain mail
rPois   .            (helmet restricted)
rElec   .            D - +0 cloak
rCorr   .            G - +2 pair of gloves
SInv    .            (no boots)
Will    .....        u - amulet of guardian spirit Stlth
                     v - ring of protection from fire
HPRegen 0.35/turn    (no ring)
MPRegen 0.11/turn

%: guardian spirit
@: on berserk cooldown, slowed, lightly drained, very slow
A: horns 2, retaliatory headbutt
a: Renounce Religion, Berserk, Trog's Hand, Brothers in Arms


You were on level 8 of the Dungeon.
You worshipped Trog.
Trog was greatly pleased with you.
You visited 1 branch of the dungeon, and saw 8 of its levels.
You also visited: Ossuary.

You collected 439 gold pieces.

Inventory:

Hand Weapons
 b - a +0 broad axe (weapon)
 B - a +1 spear of venom
Missiles
 a - 3 boomerangs of dispersal
 j - 10 boomerangs (quivered)
Armour
 q - a +1 chain mail (worn)
 D - a +0 cloak (worn)
 G - a +2 pair of gloves (worn)
Jewellery
 u - an amulet of guardian spirit (around neck)
 v - a ring of protection from fire (left hand)
 A - a ring of fire
 I - a ring of magical power
Wands
 p - a wand of iceblast (8)
 x - a wand of flame (48)
Scrolls
 c - 6 scrolls of teleportation
 e - 10 scrolls of identify
 g - a scroll of acquirement {unknown}
 h - a scroll of noise {unknown}
 k - a scroll of silence {unknown}
 m - a scroll of fog
 s - 2 scrolls of poison {unknown}
 w - a scroll of amnesia {unknown}
 C - 2 scrolls of enchant armour
 F - a scroll of magic mapping {unknown}
 J - a scroll of brand weapon {unknown}
Potions
 d - 3 potions of heal wounds
 f - 7 potions of might {unknown}
 i - a potion of lignification {unknown}
 l - a potion of degeneration {unknown}
 n - a potion of attraction {unknown}
 o - a potion of berserk rage {unknown}
 r - 2 potions of invisibility {unknown}
 t - 3 potions of flight {unknown}
 z - 2 potions of curing
 E - a potion of brilliance {unknown}
 H - 3 potions of haste {unknown}


   Skills:
 + Level 10.0 Fighting
 + Level 10.0 Axes
 + Level 9.7 Armour
 + Level 8.8 Dodging


You had 9 spell levels left.
You didn't know any spells.
Your spell library was empty.

Dungeon Overview and Level Annotations

Branches:
Dungeon (8/15)             Temple (0/1) D:5         Ossuary (visited)
   Lair: D:8-11

Altars:
Elyvilon
Hepliaklqana
Makhleb
Nemelex Xobeh
Okawaru
Sif Muna
Uskayaw
Vehumet
Xom
Yredelemnul
Zin
The Shining One

Shops:
D:2 (   D:7 *


Innate Abilities, Weirdness & Mutations

You have a pair of horns on your head.
You reflexively headbutt those who attack you in melee.


Message History

You hit the death yak but do no damage. You punch the death yak.
The death yak is almost dead.
You barely miss the quokka. The quokka closely misses you.
Unknown command.
You slice the death yak!!
You kill the death yak!
Trog accepts your kill.
You slice the quokka!!
You kill the quokka!
Trog accepts your kill.
Your Fighting skill increases to level 10!
Your Axes skill increases to level 10!
You slice the rat!!
You kill the rat!
Trog accepts your kill.
You are no longer berserk.
You are exhausted.
You feel yourself slow down.
Unknown command.
You slash the death yak!
You punch the death yak, but do no damage.
The death yak is lightly wounded.
You hit the hell rat. The hell rat bites you.
You feel drained. The death yak gores you. The hell rat barely misses you.
Unknown command.
The death yak attacks as you move away! The death yak barely misses you.
The death yak attacks as you move away! The death yak gores you!
* * * LOW HITPOINT WARNING * * *
The death yak gores you!
* * * LOW HITPOINT WARNING * * *
The death yak attacks as you move away! The death yak closely misses you.
As you read the scroll of fear, it crumbles to dust.
You assume a fearsome visage.
The death yak easily resists.
The hell rat looks frightened!
The rat looks frightened!
The death yak gores you!
* * * LOW HITPOINT WARNING * * *
The death yak gores you but does no damage.
Unknown command.
The death yak attacks as you move away! The death yak gores you!
You die...

##.#####...##
#.###.##.# #.#
###..### #.#
#.##.# #.
##...###.###.##.#
..
###......##.##.##
. #.###...#.##(.#
#.# #....>....#
#.# #.###.###.#
#.# #.# #.# #)#
##@# #.# #.# #.#
####Y.# #.# #.#
#.# #.rr.## #.#
#.# #.# #.####
#.# #.###.##
.....r.)# #.#
#......#
.....#.## #.#
#.###..# .... #.
#.# #..### ... #.
#.# #..... .. #.
#.# #..###


You could see a death yak, 2 hell rats and a rat (fleeing).

Vanquished Creatures
  2 death yaks (D:8)
  Joseph (D:8)
  Prince Ribbit (D:7)
  A wyvern (D:8)
  2 steam dragons
  2 black bears
  An orc warrior (D:8)
  2 centaurs
  A phantom (D:2)
  3 bullfrogs
  14 scorpions
  9 wights
  4 killer bees (D:7)
  2 howler monkeys
  2 human zombies (Ossuary)
  2 jellies
  Crazy Yiuf (D:5)
  2 gnoll boudas
  2 hounds (D:6)
  6 iguanas
  5 orc priests
  Jessica (D:2)
  A sleepcap (D:7)
  4 orc wizards
  A hell rat (D:8)
  2 scorpion zombies (Ossuary)
  3 mummies (Ossuary)
  5 gnolls
  4 adders
  2 shadow imps
  2 white imps (D:7)
  3 ufetubi (D:5)
  2 worms
  2 dart slugs (D:2)
  13 orcs
  3 bats
  7 endoplasms
  4 giant cockroaches
  5 gnoll zombies (Ossuary)
  8 goblins
  12 hobgoblins
  13 jackals
  7 quokkas
  4 ball pythons
  5 frilled lizards
  A goblin zombie (Ossuary)
  2 hobgoblin zombies (Ossuary)
  5 kobolds
  A kobold zombie (Ossuary)
  3 orc zombies (Ossuary)
  6 rats
196 creatures vanquished.

Notes
Turn   | Place    | Note
-------+----------+-------------------------------------------
     0 | D:1      | LLlMATKO the Minotaur Berserker began the quest for the
                  | Orb.
     0 | D:1      | Reached XP level 1. HP: 19/19 MP: 0/0
   227 | D:1      | Reached XP level 2. HP: 26/27 MP: 1/1
   460 | D:1      | Reached XP level 3. HP: 17/33 MP: 2/2
   580 | D:1      | Reached ** piety under Trog
  1179 | D:2      | Reached XP level 4. HP: 41/41 MP: 3/3
  1189 | D:2      | Found Eqimut's Antique Weapon Shoppe.
  1443 | D:2      | Noticed a phantom
  1452 | D:2      | Killed a phantom
  1453 | D:2      | Reached XP level 5. HP: 47/47 MP: 4/4
  1539 | D:2      | Noticed Jessica
  1542 | D:2      | Killed Jessica
  1856 | D:3      | Found a basalt altar of Yredelemnul.
  1858 | D:3      | Noticed a profane servitor
  1872 | D:3      | Found a glowing golden altar of the Shining One.
  1874 | D:3      | Noticed an angel
  2380 | D:4      | Reached skill level 5 in Axes
  2508 | D:4      | Reached *** piety under Trog
  2512 | D:4      | Found a sand-covered staircase.
  2518 | Ossuary  | Entered an ossuary
  2546 | Ossuary  | Reached skill level 5 in Fighting
  2546 | Ossuary  | Reached XP level 6. HP: 42/56 MP: 5/5
  2821 | Ossuary  | Reached skill level 5 in Armour
  2823 | Ossuary  | Reached XP level 7. HP: 62/62 MP: 6/6
  2983 | Ossuary  | Reached skill level 5 in Dodging
  3391 | D:4      | Reached XP level 8. HP: 66/71 MP: 7/7
  3440 | D:4      | Noticed a balrug
  3441 | D:4      | Found a burning altar of Makhleb.
  3536 | D:4      | Found a glowing silver altar of Zin.
  3536 | D:4      | Noticed an angel
  3573 | D:4      | Found a hide-covered altar of Uskayaw.
  3577 | D:4      | Found a sparkling altar of Nemelex Xobeh.
  3577 | D:4      | Found a radiant altar of Vehumet.
  3590 | D:4      | Found a shimmering altar of Xom.
  3593 | D:4      | Found a white marble altar of Elyvilon.
  3720 | D:5      | Entered Level 5 of the Dungeon
  3946 | D:5      | Found a staircase to the Ecumenical Temple.
  4085 | D:5      | Found a runed translucent door.
  4486 | D:5      | Noticed Crazy Yiuf
  4491 | D:5      | Killed Crazy Yiuf
  4665 | D:6      | Reached **** piety under Trog
  4791 | D:6      | Found a hazy altar of Hepliaklqana.
  5046 | D:6      | Found an iron altar of Okawaru.
  5476 | D:7      | Reached XP level 9. HP: 79/81 MP: 8/8
  5485 | D:7      | Found a shimmering blue altar of Sif Muna.
  5529 | D:7      | Noticed Prince Ribbit
  5541 | D:7      | Killed Prince Ribbit
  6199 | D:7      | Found Leghux's Assorted Antiques.
  7068 | D:8      | Noticed Joseph
  7068 | D:8      | Noticed a death yak
  7071 | D:8      | Noticed a death yak
  7076 | D:8      | Noticed a death yak
  7076 | D:8      | Killed Joseph
  7077 | D:8      | Reached XP level 10. HP: 78/91 MP: 5/9
  7079 | D:8      | Killed a death yak
  7088 | D:8      | Killed a death yak
  7089 | D:8      | Reached skill level 10 in Fighting
  7089 | D:8      | Reached skill level 10 in Axes
  7095 | D:8      | HP: 4/91 [death yak (9)]
  7096 | D:8      | Mangled by a death yak

Illustrated notes

Levels and vault maps discovered:
D:1:      shiori_angband_town, layout_loops_cross, nicolae_grassy_gnolls
D:2:      layout_basic, serial_shops, shop, minmay_large_rounded_square,
          minmay_vboxes, uniq_jessica
D:3:      layout_basic, grunt_temple_overflow_holy_war, bh_walls_and_bars
D:4:      layout_basic, grunt_temple_overflow_order_and_chaos_2,
          minmay_overflow_temple_star_hex, nicolae_ossuary_entry_plus
D:5:      layout_rooms, minmay_temple_entry_sparse_star, uniq_crazy_yiuf_cottage
D:6:      layout_cave_pods, okawaru_altar_gauntlet_db,
          mainiacjoe_overflow_tiny_flanked
D:7:      layout_basic, nicolae_overflow_crystal_walls, serial_shops,
          nicolae_shop_back_alley_shop, kennysheep_generic_room_11,
          uniq_prince_ribbit1
D:8:      layout_basic, dpeg_lair_monsters, uniq_joseph

Skill      XL: |  1  2  3  4  5  6  7  8  9 10 |
---------------+-------------------------------+-----
Fighting       | 4 5 6 8 9 10 | 10.0
Armour         | 3 4 5 6 7 9 |  9.7
Axes           | 4 5 6 7 9 10 | 10.0
Dodging        | 3 4 5 6 8 |  8.8

Action                     |  1- 3 |  4- 6 |  7- 9 | 10-12 || total
---------------------------+-------+-------+-------+-------++-------
  Melee: Hand axe          |    78 |   109 |   158 |       ||   345
         Headbutt          |     9 |    19 |    64 |     2 ||    94
         Punch             |     1 |     2 |     1 |     3 ||     7
         Broad axe         |       |       |   126 |    14 ||   140
 Invoke: Berserk           |     1 |     4 |    10 |       ||    15
    Use: Scroll            |       |     8 |       |     1 ||     9
 Armour: Animal skin       |     5 |       |       |       ||     5
         Ring mail         |     5 |    21 |       |       ||    26
         Chain mail        |       |    38 |   165 |     7 ||   210
  Dodge: Dodged            |    47 |    59 |   156 |     9 ||   271
